[Event "Titled Tuesday Blitz March 15 Early 2022"]
[White "Migot, Tangi"]
[Black "Popadic, Dragan"]
[WhiteFideId "662445"]
[BlackFideId "913650"]
[WhiteElo "2518"]
[BlackElo "2222"]
[Result "0-1"]
[Round "05"]
[TimeControl "180+1"]
[Date "2022.03.15"]
[WhiteClock "0:00:04"]
[BlackClock "0:00:19"]

1. e4 c5 2. Nf3 Nc6 3. g3 g6 4. Bg2 Bg7 5. O-O d6 6. Nc3 Nf6 7. Rb1 O-O 8. a3 h6 9. b4 cxb4 10. axb4 Be6 11. b5 Ne5 12. Nd4 Bc8 13. d3 Rb8 14. h3 e6 15. f4 Ned7 16. Be3 Qe7 17. Ra1 Ra8 18. Ra2 e5 19. Nde2 b6 20. f5 Nc5 21. g4 Bb7 22. Ng3 a5 23. bxa6 Rxa6 24. Rxa6 Bxa6 25. Qd2 Kh7 26. g5 hxg5 27. Bxg5 Qe8 28. Bxf6 Bxf6 29. Nd5 Bg7 30. f6 Bh6 31. Qb4 b5 32. Ra1 Qc6 33. Nf1 Nd7 34. Qb3 Bb7 35. Kh1 Nb6 36. Nfe3 Nxd5 37. Nxd5 Qd7 38. Ra7 Qc6 39. Ne7 Qb6 40. Qa3 d5 41. Nxd5 Bxd5 42. exd5 Qxf6 43. Qa1 Bf4 44. d6 Qxd6 45. Qf1 Qb6 46. Rd7 Qe3 47. Be4 Qg3 48. Qg2 Qe1+ 49. Qg1 Qe3 50. Qxe3 Bxe3 51. Rb7 Kg7 52. Rxb5 Rc8 53. c4 Bd4 54. Rb7 Rc5 55. Bd5 Ra5 56. Rxf7+ Kh6 0-1


[Site "https://www.chess.com"]

[Event "Titled Tuesday Blitz March 15 Early 2022"]
[White "Mitusov, Semen"]
[Black "Gareyev, Timur"]
[WhiteFideId "14151049"]
[BlackFideId "14200937"]
[WhiteElo "2265"]
[BlackElo "2582"]
[Result "0-1"]
[Round "05"]
[TimeControl "180+1"]
[Date "2022.03.15"]
[WhiteClock "0:00:01"]
[BlackClock "0:00:40"]

1. e4 c5 2. c3 Nf6 3. e5 Nd5 4. d4 cxd4 5. Nf3 e6 6. cxd4 b6 7. a3 Bb7 8. Bd3 d6 9. O-O Nd7 10. Nbd2 Nf4 11. Bb1 dxe5 12. Nc4 b5 13. dxe5 Nxg2 14. Bg5 Qc8 15. Nd6+ Bxd6 16. Qxd6 Qc5 17. Qxc5 Nxc5 18. Kxg2 Nb3 19. Ra2 Nd4 20. Be3 Nxf3 21. Kg3 Nxe5 22. Bc5 h5 23. b4 h4+ 24. Kf4 Rh5 25. Rd1 Bd5 26. Rad2 Nc4 27. Re2 Kd7 28. Kg4 Rah8 29. Bc2 f5+ 30. Kh3 Kc6 31. f4 g5 0-1


[Site "https://www.chess.com"]

[Event "Titled Tuesday Blitz March 15 Early 2022"]
[White "Molina, Roberto Junio Brito"]
[Black "Tasev, Dejan"]
[WhiteFideId "2109450"]
[BlackFideId "936618"]
[WhiteElo "2432"]
[BlackElo "2253"]
[Result "1-0"]
[Round "05"]
[TimeControl "180+1"]
[Date "2022.03.15"]
[WhiteClock "0:01:22"]
[BlackClock "0:00:08"]

1. d4 Nf6 2. c4 e6 3. Nf3 d5 4. Nc3 Be7 5. Bg5 c6 6. e3 O-O 7. Qc2 Nbd7 8. Bd3 dxc4 9. Bxc4 b5 10. Be2 a6 11. a4 Bb7 12. O-O Rc8 13. Rfd1 Qb6 14. Ne4 c5 15. Nxc5 Nxc5 16. dxc5 Rxc5 17. Qd2 Ne4 18. Bxe7 Nxd2 19. Rxd2 Rcc8 20. Bxf8 Kxf8 21. axb5 axb5 22. b4 Bd5 23. Ne5 Qc7 24. Nd3 Qc3 25. Rdd1 Bc4 26. Rac1 Qf6 27. Nc5 Kg8 28. Bxc4 bxc4 29. Rxc4 h6 30. Ne4 Rxc4 31. Nxf6+ gxf6 32. Rb1 Rc6 33. Kf1 Kf8 34. b5 Rb6 35. Ke2 Ke7 36. Kd3 Kd6 37. Kc4 Rb8 38. Rd1+ Kc7 39. Ra1 Kd6 40. Ra6+ Ke5 41. b6 Kd6 42. Kb5 Kd5 43. Ra7 Rc8 44. Rd7+ Ke5 45. b7 Rc1 46. Kb6 Rb1+ 47. Kc7 Rc1+ 48. Kd8 Rb1 49. Kc8 1-0


[Site "https://www.chess.com"]

[Event "Titled Tuesday Blitz March 15 Early 2022"]
[White "Muhammad, Shahzeb"]
[Black "Butti, Enrique"]
[WhiteFideId "7804806"]
[BlackFideId "3700470"]
[WhiteElo "2229"]
[BlackElo "2080"]
[Result "0-1"]
[Round "05"]
[TimeControl "180+1"]
[Date "2022.03.15"]
[WhiteClock "0:01:27"]
[BlackClock "0:00:05"]

1. e4 c5 2. Nc3 Nc6 3. f4 e6 4. Nf3 Nge7 5. Bb5 a6 6. Bxc6 bxc6 7. d4 cxd4 8. Qxd4 d5 9. e5 Nf5 10. Qf2 h5 11. O-O Qa5 12. Kh1 Bc5 13. Qe1 h4 14. a3 Ng3+ 15. Qxg3 hxg3 16. b4 Bxb4 17. Ne2 gxh2 18. Be3 Bc5 19. Bd2 Qc7 20. Ned4 Bxd4 21. Nxd4 c5 22. Nb3 d4 23. Rab1 Bb7 24. Na5 Bd5 25. c4 dxc3 26. Bxc3 Rh6 27. Bd2 Rg6 28. Rf2 Rb8 29. Rxb8+ Qxb8 30. Kxh2 Qb1 31. Be3 Qe4 32. Rf3 Rxg2+ 33. Kxg2 Qxf3+ 34. Kh2 Qg2# 0-1


[Site "https://www.chess.com"]

[Event "Titled Tuesday Blitz March 15 Early 2022"]
[White "Nakamura, Hikaru"]
[Black "Le, Tuan Minh"]
[WhiteFideId "2016192"]
[BlackFideId "12401153"]
[WhiteElo "3129"]
[BlackElo "3013"]
[Result "1-0"]
[Round "05"]
[TimeControl "180+1"]
[Date "2022.03.15"]
[WhiteClock "0:01:34"]
[BlackClock "0:00:59"]

1. Nf3 d5 2. b3 Nf6 3. Bb2 Bg4 4. e3 Nbd7 5. d4 e6 6. Nbd2 Bd6 7. h3 Bh5 8. c4 c6 9. Bd3 O-O 10. Qc2 Bg6 11. Bxg6 hxg6 12. O-O Re8 13. e4 dxe4 14. Nxe4 Nxe4 15. Qxe4 Qa5 16. a3 Rad8 17. Rfe1 Qf5 18. Qe2 g5 19. Rad1 Nf6 20. Ne5 c5 21. g4 Qh7 22. Kg2 cxd4 23. Bxd4 Bxa3 24. Qf3 Bb4 25. Qxb7 Bxe1 26. Qxf7+ 1-0


[Site "https://www.chess.com"]

[Event "Titled Tuesday Blitz March 15 Early 2022"]
[White "Nan, M K Khine Hlyan"]
[Black "Tomb, Maroun"]
[WhiteFideId "13002899"]
[BlackFideId "5300398"]
[WhiteElo "1943"]
[BlackElo "2522"]
[Result "0-1"]
[Round "05"]
[TimeControl "180+1"]
[Date "2022.03.15"]
[WhiteClock "0:00:19"]
[BlackClock "0:01:18"]

1. e4 e5 2. Nf3 Nc6 3. Bb5 Nf6 4. O-O Nxe4 5. Re1 Nd6 6. Bxc6 dxc6 7. Rxe5+ Be7 8. d4 O-O 9. Nc3 Bf6 10. Re1 Bg4 11. Be3 Re8 12. h3 Bh5 13. g4 Bg6 14. Ne2 Nc4 15. Ng3 Qd6 16. g5 Nxe3 17. Rxe3 Rxe3 18. gxf6 Re6 19. fxg7 Rae8 20. Ne5 c5 21. c3 cxd4 22. cxd4 c5 23. Nc4 Qxd4 24. Qf1 Bd3 25. Qg2 Re1+ 26. Rxe1 Rxe1+ 27. Kh2 Bxc4 28. Qxb7 Qxf2+ 29. Qg2 Qxg2+ 0-1


[Site "https://www.chess.com"]

[Event "Titled Tuesday Blitz March 15 Early 2022"]
[White "Narayanan.S.L"]
[Black "Horcajuelo Rocamora, Martin"]
[WhiteFideId "5058422"]
[BlackFideId "24573027"]
[WhiteElo "2922"]
[BlackElo "2811"]
[Result "0-1"]
[Round "05"]
[TimeControl "180+1"]
[Date "2022.03.15"]
[WhiteClock "0:00:58"]
[BlackClock "0:00:21"]

1. e4 e5 2. f4 exf4 3. Bc4 d6 4. Nf3 Nc6 5. d4 g5 6. O-O Bg7 7. c3 h6 8. b4 Nf6 9. Nbd2 O-O 10. Bd3 a6 11. a4 Re8 12. Kh1 Bg4 13. Bb2 Qd7 14. Qc2 Rad8 15. Rae1 Bh5 16. b5 axb5 17. axb5 Na5 18. c4 Ng4 19. e5 dxe5 20. Bf5 Qd6 21. Ne4 Qb4 22. Bxg4 Bxg4 23. Nexg5 hxg5 24. Nxg5 f5 25. h3 Qxc4 26. Qb1 Be2 27. Qxf5 Bd3 28. Qg4 Bxf1 29. Rc1 Qe2 30. Nf3 e4 31. Rxc7 Qxg2+ 32. Qxg2 Bxg2+ 33. Kxg2 exf3+ 34. Kxf3 Nb3 35. Rxb7 Nxd4+ 36. Kxf4 Ne2+ 0-1


[Site "https://www.chess.com"]

[Event "Titled Tuesday Blitz March 15 Early 2022"]
[White "Niemann, Hans Moke"]
[Black "Hammer, Jon Ludvig"]
[WhiteFideId "2093596"]
[BlackFideId "1503707"]
[WhiteElo "2976"]
[BlackElo "2779"]
[Result "0-1"]
[Round "05"]
[TimeControl "180+1"]
[Date "2022.03.15"]
[WhiteClock "0:00:05"]
[BlackClock "0:00:08"]

1. d4 Nf6 2. Nc3 d5 3. Bf4 e6 4. Nb5 Bb4+ 5. c3 Ba5 6. e3 a6 7. Na3 O-O 8. Nf3 c6 9. Be2 Nbd7 10. O-O Re8 11. c4 Bc7 12. Bxc7 Qxc7 13. Rc1 Qd6 14. Qb3 b5 15. cxd5 exd5 16. Nc2 a5 17. Qa3 Qxa3 18. Nxa3 Bb7 19. Nb1 Ne4 20. Rc2 Kf8 21. Rfc1 Ke7 22. Ne1 g6 23. Nd3 Nd6 24. Nd2 Nc4 25. Nb3 a4 26. Nbc5 Nxc5 27. Nxc5 Bc8 28. Bd3 h5 29. Kf1 h4 30. h3 Kf6 31. e4 g5 32. e5+ Kg7 33. Bxc4 dxc4 34. a3 Bf5 35. Rd2 Red8 36. Ke2 Rd5 37. Ke3 Re8 38. f4 f6 39. Nb7 Kg6 40. Rcd1 gxf4+ 41. Kxf4 fxe5+ 42. dxe5 Rexe5 43. Nd6 Bc2 44. Rxd5 Rxd5 45. Rxd5 cxd5 46. Nxb5 Be4 47. Kg4 Bxg2 48. Kxh4 Kf5 49. Kg3 Bxh3 50. Kxh3 Ke4 51. Nc3+ Kd3 52. Nxa4 Kc2 53. Nc5 d4 54. a4 d3 55. Ne4 Kxb2 56. Nf2 d2 57. a5 c3 58. Nd1+ Kb3 59. a6 c2 60. a7 cxd1=Q 61. a8=Q Qf1+ 62. Kg3 Qd3+ 63. Kf2 d1=Q 64. Qb7+ Kc2 65. Qc6+ Qc3 66. Qa4+ Kc1 0-1


[Site "https://www.chess.com"]

[Event "Titled Tuesday Blitz March 15 Early 2022"]
[White "Nikulina, Alena"]
[Black "Baches Garcia, Guillermo"]
[WhiteFideId "4172051"]
[BlackFideId "2209764"]
[WhiteElo "1778"]
[BlackElo "2428"]
[Result "0-1"]
[Round "05"]
[TimeControl "180+1"]
[Date "2022.03.15"]
[WhiteClock "0:00:03"]
[BlackClock "0:00:18"]

1. e4 c5 2. Nf3 d6 3. d4 cxd4 4. Nxd4 Nf6 5. Nc3 Nc6 6. Nxc6 bxc6 7. Be3 Ng4 8. Qd2 Nxe3 9. Qxe3 Qb6 10. Qxb6 axb6 11. a3 g6 12. Bc4 Bg7 13. O-O O-O 14. Rfe1 Ra5 15. Nd1 b5 16. Bb3 c5 17. Bd5 Bd7 18. c3 e6 19. Bb3 Rb8 20. Ne3 Kf8 21. Red1 Ke7 22. Bc2 Ra7 23. b4 Bxc3 24. bxc5 dxc5 25. Ra2 b4 26. Bb3 Rxa3 27. Rxa3 bxa3 28. Bc4 Bd4 29. Nc2 Ra8 30. Ba2 Ba4 31. Rd2 Bxc2 32. Rxc2 Rb8 33. Kf1 g5 34. f3 h5 35. Ke2 Kf6 36. Kd3 Ke5 37. g3 h4 38. Bc4 Rb2 39. Rxb2 axb2 40. Ba2 hxg3 41. hxg3 Bf2 42. g4 Kf4 43. Ke2 Bd4 44. Bb1 c4 45. Bc2 c3 46. Bb1 Be5 47. Bc2 Bd4 48. Bb1 Ke5 49. Bc2 Kd6 50. Bb1 Kc5 51. Kd3 Be5 52. Ba2 Kb4 53. Kc2 Kc5 54. Bb1 Kd4 0-1


[Site "https://www.chess.com"]

[Event "Titled Tuesday Blitz March 15 Early 2022"]
[White "Omariev, Maksim"]
[Black "Samaganova, Aleksandra"]
[WhiteFideId "4193423"]
[BlackFideId "13800221"]
[WhiteElo "2457"]
[BlackElo "1859"]
[Result "1-0"]
[Round "05"]
[TimeControl "180+1"]
[Date "2022.03.15"]
[WhiteClock "0:00:04"]
[BlackClock "0:00:02"]

1. g4 c5 2. Bg2 Nc6 3. c4 e6 4. Nc3 Nge7 5. d3 Ng6 6. Nf3 Be7 7. g5 f6 8. h4 Nge5 9. Bf4 d6 10. Qd2 a6 11. O-O-O Rb8 12. Kb1 b5 13. cxb5 axb5 14. gxf6 Bxf6 15. Ne4 Nxf3 16. Bxf3 Be7 17. Nxd6+ Bxd6 18. Bxc6+ Kf7 19. Rhg1 Rf8 20. Be4 Kg8 21. Bh6 Be5 22. h5 Kh8 23. Bg5 Qd4 24. e3 Qd6 25. f4 Bf6 26. Qg2 Qc7 27. Bxf6 Rxf6 28. Qg5 Bb7 29. Bxb7 Rxb7 30. e4 Qf7 31. Rg4 Rd7 32. Qxc5 h6 33. Qxb5 Rd8 34. Rdg1 Rg8 35. Qe5 Qf8 36. d4 Qa8 37. d5 Qa6 38. dxe6 Qd3+ 39. Ka1 Qe3 40. f5 1-0


[Site "https://www.chess.com"]

[Event "Titled Tuesday Blitz March 15 Early 2022"]
[White "Orlov, Georgi"]
[Black "Lazavik, Denis"]
[WhiteFideId "2011271"]
[BlackFideId "13515110"]
[WhiteElo "2545"]
[BlackElo "2437"]
[Result "0-1"]
[Round "05"]
[TimeControl "180+1"]
[Date "2022.03.15"]
[WhiteClock "0:00:08"]
[BlackClock "0:00:10"]

1. e4 c5 2. Nf3 e6 3. c4 Nc6 4. Nc3 Nf6 5. Be2 e5 6. d3 g6 7. O-O Bg7 8. Nd5 d6 9. a3 a5 10. Bd2 O-O 11. Bg5 Be6 12. Qd2 a4 13. Rab1 Bxd5 14. cxd5 Na5 15. Bd1 b5 16. Ne1 Qb6 17. g3 Nd7 18. Ng2 f5 19. Kh1 Nb3 20. Bxb3 axb3 21. f4 c4 22. exf5 gxf5 23. Ne3 Qd4 24. fxe5 Nxe5 25. Nxf5 Qxd5+ 26. Qg2 Qxg2+ 27. Kxg2 Nxd3 28. Be7 Bxb2 29. Bxd6 Rf6 30. Be7 Re6 31. Bg5 Bg7 32. Nxg7 Kxg7 33. Kh3 Rf8 34. Rxf8 Kxf8 35. Bd2 Re2 36. Bc3 Rc2 37. Rf1+ Ke8 38. Bg7 b2 39. Bxb2 Rxb2 40. Rf5 c3 41. Rf3 c2 42. Re3+ Kf7 43. Rf3+ Kg7 44. Rxd3 c1=Q 0-1


[Site "https://www.chess.com"]

[Event "Titled Tuesday Blitz March 15 Early 2022"]
[White "Perez Gormaz, Matias"]
[Black "Dushyant Sharma"]
[WhiteFideId "3406342"]
[BlackFideId "25065130"]
[WhiteElo "2327"]
[BlackElo "2105"]
[Result "1-0"]
[Round "05"]
[TimeControl "180+1"]
[Date "2022.03.15"]
[WhiteClock "0:00:39"]
[BlackClock "0:00:37"]

1. e4 d5 2. exd5 Nf6 3. d4 Bg4 4. Be2 Bxe2 5. Qxe2 Qxd5 6. Nf3 e6 7. O-O Nc6 8. Rd1 O-O-O 9. c4 Qh5 10. Nc3 Bd6 11. c5 Be7 12. Bf4 Nd5 13. Bg3 g5 14. Rac1 Nf4 15. Qe3 Rhg8 16. a3 Nd5 17. Qe4 Rg6 18. Ne5 Nxe5 19. Qxe5 Bf6 20. Qe4 g4 21. c6 Qf5 22. cxb7+ Kb8 23. Qe2 Nf4 24. Qc4 Rd7 25. Nb5 Bd8 26. Qa4 Ne2+ 27. Kf1 Nxg3+ 28. hxg3 1-0


[Site "https://www.chess.com"]

[Event "Titled Tuesday Blitz March 15 Early 2022"]
[White "Perez Leiva, Jerzy Jesus"]
[Black "Zhigalko, Sergei"]
[WhiteFideId "3524337"]
[BlackFideId "13502956"]
[WhiteElo "2261"]
[BlackElo "2662"]
[Result "0-1"]
[Round "05"]
[TimeControl "180+1"]
[Date "2022.03.15"]
[WhiteClock "0:00:05"]
[BlackClock "0:00:05"]

1. e4 c5 2. Nf3 Nc6 3. Bb5 Nf6 4. Nc3 Qc7 5. O-O Nd4 6. Re1 a6 7. Bf1 Ng4 8. g3 Nxf3+ 9. Qxf3 Ne5 10. Qe2 e6 11. Bg2 d6 12. d3 Be7 13. Be3 O-O 14. a4 Rb8 15. h4 b5 16. axb5 axb5 17. h5 b4 18. Nb1 h6 19. Nd2 Bb7 20. Bh3 Bf6 21. Bf4 Ra8 22. Bg2 Rfd8 23. Qf1 Ng4 24. Bf3 Ne5 25. Bg2 Rdc8 26. Rxa8 Rxa8 27. Ra1 Qd8 28. Qb1 Bc6 29. Ra2 Ng4 30. Bf3 Ne5 31. Bg2 Rb8 32. Qa1 Bg5 33. Bxe5 Bxd2 34. Qd1 Bg5 35. Bf4 Bxf4 36. gxf4 Qh4 37. Qf3 b3 38. cxb3 Rxb3 39. Qd1 Rb8 40. Qf3 Qf6 41. f5 Rxb2 42. Ra6 Rb1+ 43. Kh2 Bb7 44. Ra7 Qe5+ 45. Qg3 exf5 46. Qxe5 dxe5 47. exf5 Bxg2 48. Kxg2 Rd1 49. Ra8+ Kh7 50. Rf8 f6 51. Rd8 c4 52. Kf3 cxd3 53. Ke3 Rh1 54. Rxd3 Rxh5 55. Ke4 Rg5 56. Kd5 Rxf5 57. Ke6 Rxf2 58. Kf7 Ra2 59. Rd7 Ra8 60. Re7 e4 61. Rxe4 Ra7+ 62. Kf8 Ra8+ 63. Kf7 Ra7+ 64. Kf8 f5 65. Re6 f4 66. Re4 Ra6 67. Rxf4 Rf6+ 68. Rxf6 gxf6 69. Kf7 f5 0-1


[Site "https://www.chess.com"]

[Event "Titled Tuesday Blitz March 15 Early 2022"]
[White "Polster, Christian"]
[Black "Vujnovic, Patricija"]
[WhiteFideId "12965081"]
[BlackFideId "14502313"]
[WhiteElo "2291"]
[BlackElo "2107"]
[Result "1-0"]
[Round "05"]
[TimeControl "180+1"]
[Date "2022.03.15"]
[WhiteClock "0:00:04"]
[BlackClock "0:00:01"]

1. e4 e6 2. d4 d5 3. Nc3 Nf6 4. Bg5 Be7 5. e5 Nfd7 6. h4 h6 7. Bxe7 Qxe7 8. Qg4 O-O 9. Nf3 c5 10. dxc5 Nc6 11. Qg3 Nxc5 12. O-O-O a6 13. h5 b5 14. Bd3 Bb7 15. Rh4 Kh8 16. Rg4 Rg8 17. Ne2 Rac8 18. Kb1 Na4 19. Nf4 Nb4 20. Nh4 Qc5 21. Nhg6+ fxg6 22. Nxg6+ Kh7 23. Nf8+ Kh8 24. Ng6+ Kh7 25. Nf8+ Kh8 26. Rxb4 Rgxf8 27. Qg6 Rf5 28. Bxf5 exf5 29. c3 Nxc3+ 30. bxc3 Qxc3 31. Rb2 d4 32. Qxf5 Be4+ 33. Qxe4 a5 34. Qd3 Qc6 35. Qxd4 b4 36. e6 a4 37. Qd7 Qe4+ 38. Qd3 Qxe6 39. Rc2 Re8 40. Rcd2 b3 41. axb3 axb3 42. Qd5 Qa6 43. Qxb3 Ra8 44. Ra2 Qc8 45. Rxa8 Qxa8 46. Qb2 Qe4+ 47. Qc2 Qb4+ 48. Kc1 Qa3+ 49. Kd2 Qa5+ 50. Ke2 Qxh5+ 51. Kf1 Qb5+ 52. Kg1 Qg5 53. Qd3 h5 54. Qd8+ 1-0


[Site "https://www.chess.com"]

[Event "Titled Tuesday Blitz March 15 Early 2022"]
[White "Postny, Evgeny"]
[Black "Jumabayev, Rinat"]
[WhiteFideId "2804344"]
[BlackFideId "13702661"]
[WhiteElo "2483"]
[BlackElo "2561"]
[Result "1-0"]
[Round "05"]
[TimeControl "180+1"]
[Date "2022.03.15"]
[WhiteClock "0:00:28"]
[BlackClock "0:00:02"]

1. Nf3 Nf6 2. c4 e6 3. g3 d5 4. Bg2 d4 5. O-O c5 6. d3 Nc6 7. Na3 Bd6 8. Bg5 h6 9. Bxf6 Qxf6 10. Nd2 Qd8 11. Nc2 O-O 12. a3 a5 13. b3 Be7 14. Rb1 e5 15. Bd5 Kh8 16. e3 dxe3 17. fxe3 f5 18. Qh5 Kh7 19. Rf2 Bf6 20. Qe2 Ne7 21. Bg2 Ra6 22. Rbf1 Rd6 23. Ne1 e4 24. dxe4 Bc3 25. Nef3 Nc6 26. exf5 Bxf5 27. Ne4 Bxe4 28. Ng5+ hxg5 29. Bxe4+ Kg8 30. Rxf8+ Qxf8 31. Bh7+ Kxh7 32. Rxf8 Ne5 33. Qc2+ Rd3 34. Rd8 1-0


[Site "https://www.chess.com"]

[Event "Titled Tuesday Blitz March 15 Early 2022"]
[White "Pourkashiyan, Atousa"]
[Black "Wagh Suyog"]
[WhiteFideId "12502014"]
[BlackFideId "25071688"]
[WhiteElo "2247"]
[BlackElo "2181"]
[Result "0-1"]
[Round "05"]
[TimeControl "180+1"]
[Date "2022.03.15"]
[WhiteClock "0:00:01"]
[BlackClock "0:00:18"]

1. e4 c5 2. Nf3 Nc6 3. d4 cxd4 4. Nxd4 Nf6 5. Nc3 d6 6. Be2 e6 7. O-O Be7 8. Be3 O-O 9. f4 a6 10. a4 Qc7 11. Kh1 Bd7 12. Qe1 Rac8 13. Qg3 Na5 14. Bd3 Nc4 15. Bc1 Qb6 16. Nb3 e5 17. f5 Qc7 18. a5 Rfd8 19. Bg5 Nh5 20. Qh4 Nf6 21. Qg3 Rf8 22. Bh6 Nh5 23. Qg4 g6 24. Nd5 Qd8 25. Bxf8 Bxf8 26. Rab1 Bh6 27. Qf3 Qe8 28. fxg6 hxg6 29. Nf6+ Nxf6 30. Qxf6 Be6 31. Bxc4 Rxc4 32. Rfe1 Rxc2 33. Rbd1 Bg7 34. Qf3 Rxb2 35. Nc1 Qe7 36. Nd3 Rb3 37. Rb1 Rc3 38. Nb4 Rxf3 0-1


[Site "https://www.chess.com"]

[Event "Titled Tuesday Blitz March 15 Early 2022"]
[White "Pranav Anand"]
[Black "Van Foreest, Jorden"]
[WhiteFideId "46626786"]
[BlackFideId "1039784"]
[WhiteElo "2784"]
[BlackElo "2915"]
[Result "0-1"]
[Round "05"]
[TimeControl "180+1"]
[Date "2022.03.15"]
[WhiteClock "0:00:20"]
[BlackClock "0:00:28"]

1. Nf3 d5 2. g3 Nd7 3. d4 Nb6 4. a4 a5 5. Bg2 Bf5 6. b3 e6 7. O-O Be7 8. Ba3 Bxa3 9. Nxa3 Nf6 10. c4 O-O 11. e3 h6 12. Qe2 Qe7 13. c5 Nbd7 14. Nb5 Nb8 15. Ne5 Na6 16. Rad1 Nb4 17. f3 Bh7 18. e4 Rad8 19. Kh1 c6 20. Nd6 Ne8 21. Nxe8 Rfxe8 22. Rd2 f6 23. Ng4 e5 24. exd5 Rxd5 25. Re1 Red8 26. f4 Rxd4 27. Rxd4 Rxd4 28. fxe5 Nd3 29. Rd1 h5 30. Ne3 Qxe5 31. Rf1 Be4 32. Nc4 Bxg2+ 33. Qxg2 Qxc5 34. Qh3 Qd5+ 35. Kg1 Re4 36. Qc8+ Kh7 37. Qf5+ Qxf5 38. Rxf5 Ne5 39. Nxa5 Kg6 40. Rf4 Re1+ 41. Kg2 Rb1 42. Nxb7 Rxb3 43. Nc5 Rc3 44. Ne6 Ra3 45. Rb4 Ra2+ 46. Kg1 Nf3+ 47. Kf1 Nxh2+ 48. Ke1 Nf3+ 49. Kd1 Ne5 50. Nf4+ Kg5 51. Ne6+ Kh6 52. Kc1 Nd3+ 53. Kb1 Nxb4 54. Nc5 Ra3 55. Kb2 Rxg3 56. a5 Nd3+ 57. Kc3 Nxc5+ 58. Kb4 Na6+ 59. Kc4 Rg4+ 60. Kb3 Rb4+ 61. Ka3 Rb5 62. Ka4 h4 63. Ka3 h3 64. Ka4 h2 65. Ka3 h1=Q 66. Ka4 Qa1# 0-1


[Site "https://www.chess.com"]

[Event "Titled Tuesday Blitz March 15 Early 2022"]
[White "Rengifo Blancas, Renzo Jhonathan"]
[Black "Agibileg, Uurtsaikh"]
[WhiteFideId "3807185"]
[BlackFideId "4901606"]
[WhiteElo "2058"]
[BlackElo "2205"]
[Result "0-1"]
[Round "05"]
[TimeControl "180+1"]
[Date "2022.03.15"]
[WhiteClock "0:00:01"]
[BlackClock "0:01:46"]

1. d4 Nf6 2. Nf3 g6 3. c4 Bg7 4. Nc3 O-O 5. e4 d6 6. Be2 e5 7. O-O Nc6 8. d5 Ne7 9. Ne1 Nd7 10. Nd3 f5 11. f3 f4 12. Bd2 g5 13. b4 h5 14. h3 Nf6 15. Nf2 Ng6 16. c5 Rf7 17. Rc1 Bf8 18. cxd6 cxd6 19. a4 Rg7 20. a5 Nh4 21. Nb5 a6 22. Na3 g4 23. hxg4 hxg4 24. fxg4 Nh5 25. gxh5 Rxg2+ 26. Kh1 Qg5 27. Bg4 Bxg4 28. Nxg4 Rxg4 29. Rg1 Nf3 30. Rxg4 Qxg4 31. Qf1 Qh4+ 32. Kg2 Qg3+ 0-1


[Site "https://www.chess.com"]

[Event "Titled Tuesday Blitz March 15 Early 2022"]
[White "Riazantsev, Alexander"]
[Black "Mekhitarian, Krikor Sevag"]
[WhiteFideId "4125029"]
[BlackFideId "2107660"]
[WhiteElo "2595"]
[BlackElo "2598"]
[Result "0-1"]
[Round "05"]
[TimeControl "180+1"]
[Date "2022.03.15"]
[WhiteClock "0:00:29"]
[BlackClock "0:00:39"]

1. d4 Nf6 2. c4 g6 3. Nc3 d5 4. Nf3 Bg7 5. Bg5 dxc4 6. e3 Be6 7. Ne5 Nd5 8. Nxc4 c5 9. Be2 cxd4 10. exd4 Nc6 11. Be3 O-O 12. O-O Rc8 13. Nxd5 Bxd5 14. Rc1 e6 15. a3 Qf6 16. Nd6 Rb8 17. Nb5 Rfd8 18. Qd2 h6 19. Bxh6 Bxh6 20. Qxh6 a6 21. Nc3 Nxd4 22. Rfe1 Bc6 23. Qe3 Rd7 24. Bf1 Rbd8 25. f3 Bxf3 26. gxf3 Nxf3+ 27. Kh1 Nxe1 28. Rxe1 Qd4 29. Qg3 Qd2 30. Re2 Qc1 31. Rf2 Rd2 32. Ne2 Rxe2 0-1


[Site "https://www.chess.com"]

[Event "Titled Tuesday Blitz March 15 Early 2022"]
[White "Riehle, Marco"]
[Black "Muradli, Mahammad"]
[WhiteFideId "12904392"]
[BlackFideId "13409301"]
[WhiteElo "2462"]
[BlackElo "2611"]
[Result "0-1"]
[Round "05"]
[TimeControl "180+1"]
[Date "2022.03.15"]
[WhiteClock "0:00:29"]
[BlackClock "0:00:44"]

1. e4 d6 2. d4 Nc6 3. d5 Nb8 4. c4 g6 5. h4 Nf6 6. Nc3 Bg7 7. Bg5 c6 8. Be2 h5 9. Nh3 Na6 10. Nf4 Nc5 11. f3 a5 12. Qc2 Qb6 13. O-O-O a4 14. Rhg1 Nfd7 15. g4 hxg4 16. h5 gxh5 17. fxg4 a3 18. b3 h4 19. dxc6 bxc6 20. Bxe7 Nxb3+ 21. axb3 Qe3+ 22. Qd2 Qxd2+ 23. Kxd2 Kxe7 24. g5 Nc5 25. Kc2 h3 26. Rh1 Rh4 27. Nd3 Bxc3 28. Nxc5 Bg7 29. Nd3 a2 30. e5 Bf5 31. exd6+ Kxd6 32. g6 fxg6 33. b4 a1=Q 34. Rxa1 Rxa1 35. Rh2 Rxc4+ 36. Kd2 Bh6+ 37. Nf4 Bxf4# 0-1


[Site "https://www.chess.com"]

[Event "Titled Tuesday Blitz March 15 Early 2022"]
[White "Rosen, Eric"]
[Black "Bryakin, Mikhail"]
[WhiteFideId "2032562"]
[BlackFideId "4165314"]
[WhiteElo "2362"]
[BlackElo "2417"]
[Result "0-1"]
[Round "05"]
[TimeControl "180+1"]
[Date "2022.03.15"]
[WhiteClock "0:00:02"]
[BlackClock "0:01:42"]

1. d4 Nf6 2. Bf4 g6 3. Nc3 Bg7 4. e4 d6 5. Qd2 c6 6. O-O-O b5 7. f3 b4 8. Nce2 a5 9. Kb1 Ba6 10. Bh6 Bxh6 11. Qxh6 Nbd7 12. e5 Nd5 13. Qg7 Rf8 14. exd6 exd6 15. Ng3 Qf6 16. Qxf6 N7xf6 17. Bxa6 Rxa6 18. Nh3 h6 19. Nf2 Kd7 20. Nfe4 a4 21. Rhe1 a3 22. Nxf6+ Nxf6 23. c4 bxc3 24. b3 Nd5 25. Rd3 c2+ 26. Kc1 Nb4 27. Rde3 Nxa2+ 28. Kxc2 Nb4+ 29. Kd2 a2 30. Re7+ Kd8 31. Rb7 Kc8 32. Rxb4 a1=Q 33. Rxa1 Rxa1 34. Ne4 Rd8 35. Rc4 Kb7 36. Rc2 f5 37. Nf2 Rg1 38. Ke3 Rxg2 39. h4 Re8+ 40. Kf4 Kc7 41. d5 c5 42. b4 Kd7 43. bxc5 dxc5 44. h5 gxh5 45. Kxf5 h4 46. Ra2 Rf8+ 47. Ke4 Rc8 48. Ra7+ Rc7 49. Ra2 c4 50. d6 Kxd6 51. Kd4 Kd7 52. Kc3 Kc8 53. Ra8+ Kb7 54. Ra2 h3 55. Rb2+ Kc8 56. Nxh3 Rxb2 57. Kxb2 c3+ 58. Kc2 h5 59. f4 h4 60. f5 Kd8 61. Nf4 Rc4 62. Nd5 h3 63. f6 Rh4 64. f7 Rh8 65. Nf4 Ke7 66. Ng6+ Kxf7 67. Nxh8+ Kg7 68. Ng6 Kxg6 69. Kxc3 h2 0-1


[Site "https://www.chess.com"]

[Event "Titled Tuesday Blitz March 15 Early 2022"]
[White "Royal, Shreyas"]
[Black "Foisor, Sabina-Francesca"]
[WhiteFideId "448869"]
[BlackFideId "1212915"]
[WhiteElo "1986"]
[BlackElo "2243"]
[Result "0-1"]
[Round "05"]
[TimeControl "180+1"]
[Date "2022.03.15"]
[WhiteClock "0:00:16"]
[BlackClock "0:00:23"]

1. d4 d5 2. c4 e6 3. Nf3 Nf6 4. g3 Be7 5. Bg2 O-O 6. O-O c6 7. Qc2 b6 8. b3 Bb7 9. Bb2 Na6 10. a3 Rc8 11. Nc3 Rc7 12. Rfd1 Qa8 13. Rac1 Rd8 14. e4 dxe4 15. Nxe4 c5 16. Nxf6+ Bxf6 17. dxc5 Rxd1+ 18. Rxd1 Bxf3 19. Bxf3 Qxf3 20. Rd3 Qc6 21. Qd1 Rc8 22. Bxf6 gxf6 23. Qg4+ Kf8 24. cxb6 axb6 25. Qh4 Ke7 26. Qxh7 Nc5 27. Re3 Rd8 28. Qc2 Qd6 29. b4 Qd1+ 30. Qxd1 Rxd1+ 31. Kg2 Nd7 32. h4 f5 33. h5 Nf6 34. h6 Rc1 35. c5 bxc5 36. b5 Rb1 37. a4 Rb4 38. Rc3 c4 39. b6 Rxb6 40. Rxc4 Nh7 41. a5 Ra6 42. Rc5 Kf6 43. f4 Kg6 44. g4 fxg4 45. Kg3 Nf6 46. Rc8 Kxh6 47. Rh8+ Kg7 48. Rc8 Rxa5 49. Rc7 Ra3+ 50. Kh4 Kg6 51. f5+ exf5 52. Rc3 Ra8 53. Kg3 Ne4+ 54. Kf4 Nxc3 55. Kg3 f6 56. Kh4 f4 57. Kxg4 f3 58. Kxf3 Ne4 59. Kxe4 Kg5 60. Kf3 Ra4 61. Ke3 f5 62. Kf3 Ra3+ 63. Ke2 Kg4 64. Kd2 f4 65. Kc2 Rh3 66. Kb2 Re3 67. Kc2 f3 68. Kd2 Kf4 69. Kc2 f2 70. Kd2 f1=Q 71. Kc2 Qf2+ 72. Kd1 Re1# 0-1


[Site "https://www.chess.com"]